 Dungeon Crawl Stone Soup version 0.29.0-4-gdea44cf6ec (webtiles) character file.

Game seed: 12618801522080813140

65 qw the Chopper (level 4, -1/26 HPs)
             Began as a Tengu Warper on Aug 28, 2022.
             Succumbed to Terence's poison
             ... on level 3 of the Dungeon.
             The game lasted 00:00:11 (2088 turns).

qw the Chopper (Tengu Warper)                       Turns: 2088, Time: 00:00:12

Health: -1/26      AC: 10    Str: 13    XL:     4   Next: 14%
Magic:  8/8        EV:  6    Int: 13    God:
Gold:   97         SH:  0    Dex: 14    Spells: 7/7 levels left

rFire   . . .      SeeInvis .   Y - +1 war axe (elec)
rCold   . . .      Faith    .   (no shield)
rNeg    . . .      Spirit   .   g - +0 chain mail
rPois   .          Reflect  .   (helmet restricted)
rElec   .          Harm     .   b - +0 cloak
rCorr   .          Rampage  .   m - +0 pair of gloves
Will    .....                   (boots unavailable)
Stlth   ..........              (no amulet)
HPRegen 0.08/turn               (no ring)
MPRegen 0.11/turn               (no ring)

@: lethally poisoned (-1 -> -15)
A: beak, talons 3
a: no special abilities


You were on level 3 of the Dungeon.
You visited 1 branch of the dungeon, and saw 3 of its levels.

You collected 97 gold pieces.


Innate Abilities, Weirdness & Mutations

You have a beak for a mouth.
You have claws for feet.


   Skills:
 - Level 2.0 Fighting
 + Level 4.7 Axes
 - Level 1.0 Throwing
 - Level 1.1 Armour
 - Level 2.1 Dodging
 - Level 2.0 Spellcasting
 - Level 2.4 Translocations


You had 7 spell levels left.
You didn't know any spells.
Your spell library contained the following spells:

 Spells                   Type           Power      Damage    Failure   Level
 Blink                    Tloc           14%        N/A       99%         2
 Gell's Gravitas          Tloc           7%         N/A       100%        3
 Lesser Beckoning         Tloc           7%         N/A       100%        3
 Teleport Other           Tloc           7%         N/A       100%        3
 Manifold Assault         Tloc           7%         N/A       100%        5

Inventory:

Hand Weapons
 d - a +0 whip
 Y - a +1 war axe of electrocution (weapon)
Armour
 b - a +0 cloak (worn)
 g - a +0 chain mail (worn)
 m - a +0 pair of gloves (worn)
Scrolls
 a - a scroll of identify
Potions
 e - a potion of curing
 i - a potion of haste
 j - a potion of heal wounds {unknown}
 k - a potion of invisibility {unknown}

Dungeon Overview and Level Annotations

Branches:
Dungeon (3/15)

Altars:

Annotations:
D:3 1 transporter, Terence; qw's ghost, amateur TeWr


Message History

The jackal moves out of view.
A jackal comes into view.
Your extra speed is starting to run out.
A jackal comes into view.
The kobold throws a stone.
The stone hits you.
You barely miss Terence. You claw Terence, but do no damage. You slash Terence!
You claw Terence. Your peck misses Terence.
Terence is heavily wounded.
Terence hits you with a +1 short sword of venom.
You are poisoned.
The jackal bites you but does no damage.
You barely miss Terence. You claw Terence, but do no damage.
Your peck misses Terence.
Terence is heavily wounded.
You hit the jackal but do no damage. Lightning courses through the jackal!
You kill the jackal!
You feel very sick.
Terence hits you with a +1 short sword of venom.
You are lethally poisoned!
The jackal barely misses you.
You closely miss Terence. You claw Terence, but do no damage.
Terence is heavily wounded.
You hit the jackal. x2
You feel yourself slow down.
You feel very sick.
Terence hits you with a +1 short sword of venom.
The jackal bites you but does no damage. x2
You hit the jackal.
You kill the jackal!
You barely miss the jackal. You slash the kobold!
You kill the kobold!
You closely miss Terence.
You feel very sick.
The jackal bites you but does no damage.
Terence barely misses you.
The jackal bites you but does no damage.
You hit Terence. Your kick misses Terence. You peck Terence, but do no damage.
Terence is severely wounded.
You hit the jackal but do no damage.
You die...

. # ....... # .# ##
......K. ## #.# #W
....... .##.#^. . ###
#..... ..#^.# ^#.. #...#
..#... #..### #..# ..##
####5##.###..#
...###..###....)@h####..
................@%......
..................#.....
........########### .###
.###.##.# .# #.##.# .#
#.##.# .# #.##.# ..##.#
..#


You could see Terence and a jackal.

Vanquished Creatures
  3 adders (D:2)
  3 dart slugs
  2 bats (D:2)
  4 goblins
  5 hobgoblins
  2 jackals (D:3)
  2 quokkas
  3 ball pythons
  4 frilled lizards
  3 kobolds
  2 rats (D:1)
33 creatures vanquished.

Notes
Turn   | Place    | Note
-------+----------+-------------------------------------------
     0 | D:1      | qw the Tengu Warper began the quest for the Orb.
     0 | D:1      | Reached XP level 1. HP: 12/12 MP: 4/4
     0 | D:1      | 0 ||| qw: Version: 0.1-a-89-g26bdef1
     0 | D:1      | 0 ||| qw: Game counter: 1543
     0 | D:1      | 0 ||| qw: Always use a shield: true
     0 | D:1      | 0 ||| qw: God list: Okawaru
     0 | D:1      | 0 ||| qw: Allow faded altars: false
     0 | D:1      | 0 ||| qw: Do Orc after D:15 true
     0 | D:1      | 0 ||| qw: Do second Lair branch before Depths: true
     0 | D:1      | 0 ||| qw: Lair rune preference: random
     0 | D:1      | 0 ||| qw: Plans: Normal
     0 | D:1      | 0 ||| PLANNING D:1-11
   195 | D:1      | Reached XP level 2. HP: 8/17 MP: 6/6
   196 | D:1      | Reached skill level 3 in Axes
   364 | D:1      | Found a faded altar of an unknown god.
   758 | D:1      | 758 ||| UPGRADING to +0 ring mail.
   768 | D:1      | 768 ||| DROPPING +0 leather armour.
   769 | D:1      | 769 ||| UPGRADING to +0 chain mail.
   779 | D:1      | 779 ||| DROPPING +0 ring mail.
   780 | D:1      | 780 ||| READING 2 scrolls labelled BINEAM UXKOI.
   781 | D:1      | 781 ||| DRINKING 2 fuming dark potions.
   782 | D:1      | 782 ||| DRINKING 2 smoky inky potions.
   887 | D:1      | 887 ||| DROPPING scroll of blinking.
   888 | D:1      | 888 ||| DROPPING potion of berserk rage.
   959 | D:2      | Reached XP level 3. HP: 21/21 MP: 7/7
  1000 | D:2      | Reached skill level 4 in Axes
  1134 | D:2      | 1134 ||| Stepping ~*~*~tactically~*~*~ (hiding).
  1248 | D:2      | 1248 ||| SWAPPING to +1 war axe of electrocution.
  1249 | D:2      | 1249 ||| DROPPING +0 hand axe.
  1333 | D:2      | 1333 ||| Stepping ~*~*~tactically~*~*~ (stealth).
  1340 | D:2      | Reached XP level 4. HP: 26/26 MP: 8/8
  1916 | D:2      | 1916 ||| UPGRADING to +0 cloak.
  1921 | D:2      | 1921 ||| DROPPING orb of light.
  1922 | D:2      | 1922 ||| UPGRADING to +0 pair of gloves.
  1927 | D:2      | 1927 ||| READING scroll labelled XEKUMO HADONT.
  2028 | D:2      | 2028 ||| DRINKING 2 viscous brown potions.
  2029 | D:2      | 2029 ||| DRINKING 3 black potions.
  2030 | D:2      | 2030 ||| DROPPING 2 potions of flight.
  2050 | D:3      | Found a transporter.
  2067 | D:3      | Noticed qw's ghost (amateur TeWr)
  2073 | D:3      | Noticed Terence
  2076 | D:3      | 2076 ||| Stepping ~*~*~tactically~*~*~ (stealth).
  2087 | D:3      | HP: 3/26 [poisoned by Terence]
  2088 | D:3      | Succumbed to Terence's poison

Levels and vault maps discovered:
D:1:      minmay_arrival_plants_in_alcoves, layout_basic,
          hellmonk_ecumenical_altar_pennies_from_heaven
D:2:      layout_basic, minmay_misc_feat_nine_boxes
D:3:      layout_loops_ring, chei_slow_surprise, gammafunk_ghost_abyssal_escape,
          kennysheep_generic_room_4, uniq_robin, uniq_terence

Skill      XL: |  1  2  3 |
---------------+----------+-----
Axes           | 3 4 |  4.7
Fighting       | |  2.0
Throwing       | |  1.0
Armour         | |  1.1
Dodging        | |  2.1
Spellcasting   | |  2.0
Translocations | |  2.4

Action                   |  1- 3 |  4- 6 || total
-------------------------+-------+-------++-------
Melee: Hand axe          |    69 |       ||    69
       Kick              |    16 |     4 ||    20
       Peck              |     9 |     3 ||    12
       Punch             |     1 |       ||     1
       War axe           |     2 |    12 ||    14
Throw: Boomerang         |     7 |       ||     7
  Use: Potion            |     2 |     2 ||     4
       Scroll            |     1 |     1 ||     2
Armor: Leather armour    |     3 |       ||     3
       Chain mail        |    22 |     6 ||    28
Dodge: Dodged            |    29 |     3 ||    32

Table legend:
 A = Non-vault XP
 B = Vault XP
 C = Vault XP percentage of total XP
 D = Non-vault monster count
 E = Vault monster count
 F = Vault count percentage of total count
                 A         B        C        D         E       F
            +---------+---------+-------+---------+---------+-------
      Total |      94 |       0 |   0.0 |      33 |       0 |   0.0
            +---------+---------+-------+---------+---------+-------
        D:1 |      21 |       0 |   0.0 |      13 |       0 |   0.0
        D:2 |      68 |       0 |   0.0 |      17 |       0 |   0.0
        D:3 |       5 |       0 |   0.0 |       3 |       0 |   0.0
            +---------+---------+-------+---------+---------+-------
